 Dungeon Crawl Stone Soup version 0.29.1-1-gd02db6906a (webtiles) character file.

Game seed: 6797850026302329071

21104 mtoz the Fighter (level 12, -6/79 HPs)
             Began as a Gargoyle Berserker on Sept 26, 2022.
             Was a Follower of Trog.
             Mangled by a death yak (15 damage)
             ... on level 4 of the Lair of Beasts.
             The game lasted 01:05:38 (17265 turns).

mtoz the Fighter (Gargoyle Berserker)              Turns: 17265, Time: 01:05:38

Health: -6/79      AC: 27    Str: 25    XL:     12   Next: 86%
Magic:  12/12      EV:  8    Int:  9    God:    Trog [*.....]
Gold:   729        SH:  0    Dex:  9    Spells: 11/11 levels left

rFire   + + .      SeeInvis +   N - -2 demon whip (venom)
rCold   . . .      Faith    .   (no shield)
rNeg    + . .      Spirit   .   L - +0 plate armour
rPois   ∞          Reflect  .   (helmet restricted)
rElec   +          Harm     .   O - +0 cloak
rCorr   .          Rampage  .   r - +0 pair of gloves
Will    .....                   M - +0 pair of boots
Stlth   ..........              (no amulet)
HPRegen 0.23/turn               y - ring of see invisible
MPRegen 0.13/turn               B - ring of protection from fire

@: about to teleport, on berserk cooldown, hasted and slowed
A: sickness immunity, AC +8, negative energy resistance 1, electricity
resistance, torment resistance 1, petrification resistance, horns 2, fire
resistance 1
a: Renounce Religion, Berserk


You were on level 4 of the Lair of Beasts.
You worshipped Trog.
Trog was aware of your devotion.
You visited 2 branches of the dungeon, and saw 14 of its levels.

You collected 729 gold pieces.

Inventory:

Hand Weapons
 a - a +0 vorpal hand axe
 b - a +0 war axe
 h - a +4 vorpal flail
 N - a -2 demon whip of venom (weapon)
Missiles
 m - 102 stones
 n - 3 poisoned darts (quivered)
 w - 3 atropa-tipped darts
 z - 13 javelins
 D - 5 curare-tipped darts
Armour
 r - a +0 pair of gloves (worn)
 L - a +0 plate armour (worn)
 M - a +0 pair of boots (worn)
 O - a +0 cloak (worn)
Jewellery
 i - an amulet of magic regeneration
 y - a ring of see invisible (left hand)
 B - a ring of protection from fire (right hand)
 G - a ring of ice
 I - the ring of Mistrust {rElec MP+9 Str+3}
   (You found it on level 7 of the Dungeon)

   [ring of magical power]

   Str:       It affects your strength (+3).
   rElec:     It insulates you from electricity.
   MP:        It affects your magic capacity (+9).
Wands
 j - a wand of digging (6)
 u - a wand of mindburst (18)
 C - a wand of charming (6)
 Q - a wand of acid (1)
Scrolls
 c - 6 scrolls of vulnerability {unknown}
 d - 2 scrolls of amnesia {unknown}
 f - 2 scrolls of summoning
 l - 2 scrolls of teleportation
 o - 3 scrolls of torment
 p - a scroll of enchant weapon
 q - 3 scrolls of fear {unknown}
 s - a scroll of noise
 v - a scroll of butterflies
 x - 2 scrolls of silence {unknown}
 E - a scroll of blinking {unknown}
 F - 3 scrolls of enchant armour {unknown}
 H - a scroll of poison
 K - 5 scrolls of identify
 P - a scroll of brand weapon
Potions
 e - 3 potions of ambrosia
 g - 2 potions of degeneration
 k - a potion of haste
 t - 3 potions of lignification
 A - 3 potions of curing
 J - a potion of brilliance {unknown}


   Skills:
 + Level 10.7 Fighting
 + Level 9.0 Axes
 + Level 8.3 Throwing
 + Level 10.3 Armour
 - Level 4.0 Dodging
 + Level 3.0 Stealth
 + Level 8.4 Evocations


You had 11 spell levels left.
You didn't know any spells.
Your spell library was empty.

Dungeon Overview and Level Annotations

Branches:
Dungeon (9/15)             Temple (0/1) D:4            Lair (5/5) D:8
  Swamp (0/4) Lair:2        Snake (0/4) Lair:2        Slime (0/5) Lair:4
    Orc: D:9-12

Altars:
Dithmenos
Hepliaklqana
Kikubaaqudgha
Makhleb
Nemelex Xobeh
Vehumet

Annotations:
Lair:2 1 runed translucent door, sentinel's ghost, journeyman MeEE
Lair:4 1 runed translucent door


Innate Abilities, Weirdness & Mutations

You are immune to sickness and miasma.
Your stone body is resilient. (AC +8)
You are immune to poison.
You resist negative energy. (rN+)
You are resistant to electric shocks. (rElec)
You are resistant to unholy torment.
You are immune to petrification.
You have a pair of horns on your head.
Your flesh is heat resistant. (rF+)


Message History

You are exhausted.
You feel yourself slow down.
Okay, then.
Okay, then.
You whack the death yak!
The death yak looks as sick as possible!
You headbutt the death yak, but do no damage.
The death yak is heavily wounded.
The death yak closely misses you.
You whack the death yak!
The death yak is heavily wounded.
Your skin stops crawling.
You feel less strong-willed. The death yak gores you!!
The death yak bellows!
The death yak gores you but does no damage.
The death yak bellows!
You hit the death yak.
The death yak looks as sick as possible!
The death yak is severely wounded.
The death yak looks more healthy.
The death yak gores you!
The death yak gores you but does no damage.
The death yak attacks as you move away! The death yak gores you.
The death yak gores you but does no damage.
You completely miss the death yak.
The death yak is moderately wounded.
The death yak barely misses you.
You barely miss the death yak.
The death yak is moderately wounded.
The death yak barely misses you.
You barely miss the death yak. You headbutt the death yak!
The death yak is heavily wounded.
The death yak gores you!
* * * LOW HITPOINT WARNING * * *
As you read the scroll of teleportation, it crumbles to dust.
You feel strangely unstable.
The death yak gores you but does no damage.
The death yak gores you!
* * * LOW HITPOINT WARNING * * *
You feel yourself speed up. The death yak gores you!
You die...

.....#.#
#...........P###..##
.....###### ##............#
#..##
.....#P...###.#......P.P.##
#...#
#.............P.PP##......#
#....
........##......P.###.##.##
##.P. .P.P..............#
#.#### ####
...#.#...###......##### #
##.#..#..# ##Y#P...# #
##.P.##Y## #.##@### #
.....†#.# ###Y.#Y# #
.#..>.(.###.#.#YY# #
##.##.(..#.#.....#
...###..........##
.#.###...#.#.#.##
##...(..####..## ###
........# #.## ##.##
......P## #..# #....


You could see 3 death yaks.

Vanquished Creatures
  2 hydras
  Amaemon (Lair:1)
  A torpor snail (Lair:4)
  Joseph (D:8)
  6 elephants (Lair:2)
  An orange demon (Lair:1)
  3 black mambas
  7 cane toads
  A rime drake (Lair:1)
  6 komodo dragons
  3 polar bears
  2 blink frogs
  30 yaks
  2 wyverns
  3 vampire mosquitoes (D:7)
  A basilisk (Lair:1)
  A steam dragon (D:8)
  Menkaure (D:7)
  A naga (Lair:2)
  An acid dragon (D:8)
  Duvessa (D:7)
  7 water moccasins
  2 orc warriors
  An ice beast (D:6)
  11 wolves
  A black bear (D:8)
  An ogre (D:4)
  2 centaurs
  5 phantoms
  A kobold brigand (D:8)
  11 bullfrogs
  3 necrophages
  3 scorpions
  2 water moccasin zombies (D:4)
  Dowan (D:7)
  A howler monkey (D:8)
  2 bullfrog zombies (D:4)
  4 hounds
  2 orc priests (D:5)
  2 jellies (D:7)
  2 gnoll boudas
  Jessica (D:2)
  6 iguanas
  5 orc wizards
  A scorpion zombie (D:4)
  5 hound skeletons (D:4)
  3 hound zombies (D:4)
  Robin (D:2)
  4 adders
  10 gnolls
  2 shadow imps (D:6)
  A white imp (D:6)
  5 adder zombies (D:4)
  2 worms
  2 dart slugs
  17 orcs
  5 bats
  12 endoplasms
  5 giant cockroaches
  13 hobgoblins
  5 quokkas
  8 ball pythons
  3 frilled lizards
  14 goblins
  8 kobolds
  A quokka zombie (D:4)
  6 rats
284 creatures vanquished.

Vanquished Creatures (others)
  12 fungi
  28 plants
  A withered plant (D:4)
41 creatures vanquished.

Grand Total: 325 creatures vanquished

Notes
Turn   | Place    | Note
-------+----------+-------------------------------------------
     0 | D:1      | mtoz the Gargoyle Berserker began the quest for the Orb.
     0 | D:1      | Reached XP level 1. HP: 14/14 MP: 1/1
   378 | D:1      | Reached XP level 2. HP: 19/19 MP: 2/2
   986 | D:1      | Found a faded altar of an unknown god.
  1072 | D:1      | Reached XP level 3. HP: 23/23 MP: 3/3
  1290 | D:2      | Reached ** piety under Trog
  1455 | D:2      | Reached skill level 1 in Evocations
  1716 | D:2      | Noticed Jessica
  1722 | D:2      | Killed Jessica
  1723 | D:2      | Reached XP level 4. HP: 12/29 MP: 4/4
  2027 | D:2      | Noticed Robin
  2065 | D:2      | Killed Robin
  2575 | D:2      | Gained mutation: You have a pair of small horns on your
                  | head. [potion of mutation]
  2575 | D:2      | Gained mutation: You have a pair of horns on your head.
                  | [potion of mutation]
  2575 | D:2      | Gained mutation: Your flesh is heat resistant. (rF+)
                  | [potion of mutation]
  2915 | D:3      | Reached XP level 5. HP: 33/33 MP: 5/5
  2968 | D:3      | Found a burning altar of Makhleb.
  2968 | D:3      | Noticed an Executioner
  3112 | D:3      | Found a shadowy altar of Dithmenos.
  3593 | D:4      | Noticed a phantom
  3709 | D:3      | Killed a phantom
  3766 | D:4      | Reached skill level 1 in Throwing
  3766 | D:4      | Reached XP level 6. HP: 36/38 MP: 6/6
  4166 | D:4      | Reached XP level 7. HP: 35/44 MP: 7/7
  4328 | D:4      | Reached *** piety under Trog
  4551 | D:4      | Reached skill level 5 in Fighting
  4572 | D:4      | Found an ancient bone altar of Kikubaaqudgha.
  4693 | D:4      | Found a staircase to the Ecumenical Temple.
  4728 | D:4      | Reached XP level 8. HP: 46/49 MP: 8/8
  4764 | D:4      | Found a hazy altar of Hepliaklqana.
  4851 | D:5      | Entered Level 5 of the Dungeon
  5427 | D:5      | Reached skill level 5 in Armour
  6126 | D:6      | Reached skill level 5 in Axes
  6188 | D:6      | Reached XP level 9. HP: 49/55 MP: 9/9
  6752 | D:7      | Noticed Duvessa
  6752 | D:7      | Noticed Dowan
  6763 | D:7      | Killed Duvessa
  6774 | D:7      | Killed Dowan
  7339 | D:7      | Found a radiant altar of Vehumet.
  7407 | D:7      | Reached **** piety under Trog
  7647 | D:7      | Identified the ring of Mistrust {rElec MP+9 Str+3}
  7942 | D:7      | Noticed Menkaure
  7946 | D:7      | Killed Menkaure
  8206 | D:7      | Found a sparkling altar of Nemelex Xobeh.
  8730 | D:8      | Reached skill level 5 in Evocations
  8753 | D:7      | Reached XP level 10. HP: 19/63 MP: 10/10
  8984 | D:7      | Reached skill level 5 in Throwing
  9673 | D:8      | Found a staircase to the Lair.
  9788 | Lair:1   | Entered Level 1 of the Lair of Beasts
  9926 | D:8      | Noticed Joseph
  9938 | D:8      | Killed Joseph
 10841 | Lair:1   | Noticed a cane toad
 11050 | Lair:1   | Killed a cane toad
 11051 | Lair:1   | Reached XP level 11. HP: 69/69 MP: 11/11
 11323 | Lair:1   | Noticed Amaemon
 11341 | Lair:1   | Killed Amaemon
 12114 | Lair:1   | Noticed a six-headed hydra
 12126 | Lair:1   | Killed a six-headed hydra
 12246 | Lair:2   | Found a runed translucent door.
 12246 | Lair:2   | Noticed sentinel's ghost (journeyman MeEE)
 12915 | Lair:2   | Found a staircase to the Snake Pit.
 12980 | Lair:2   | Found a staircase to the Swamp.
 13016 | Lair:2   | Reached XP level 12. HP: 77/77 MP: 12/12
 13231 | Lair:2   | Reached skill level 10 in Fighting
 14206 | Lair:3   | You fall into a shaft and drop 1 floor!
 14532 | Lair:4   | Found a runed translucent door.
 14535 | Lair:4   | Noticed an acid blob
 14539 | Lair:4   | Noticed an acid blob
 14540 | Lair:4   | Found a staircase to the Slime Pits.
 14540 | Lair:4   | Noticed an acid blob
 14651 | Lair:4   | Reached skill level 10 in Armour
 14927 | Lair:4   | Reached skill level 1 in Stealth
 15751 | Lair:4   | Noticed a seven-headed hydra
 15772 | Lair:4   | Killed a seven-headed hydra
 16560 | Lair:5   | Entered Level 5 of the Lair of Beasts
 16784 | Lair:5   | Noticed a death yak
 16892 | Lair:5   | Noticed a death yak
 16892 | Lair:5   | Noticed a death yak
 16892 | Lair:5   | Noticed a death yak
 16893 | Lair:5   | Noticed a death yak
 16894 | Lair:5   | Noticed a death yak
 17265 | Lair:4   | Mangled by a death yak

Illustrated notes

Levels and vault maps discovered:
D:1:      tarquinn_simple_flora_water_c, layout_rooms, basic_ecumenical_altar,
          minmay_pentomino_q4
D:2:      layout_rooms, uniq_jessica, uniq_robin
D:3:      layout_loops_ring, makhleb_altar_promises_db,
          overflow_temple_1_default
D:4:      layout_basic, kiku_gazebo_garden_becter,
          mainiacjoe_overflow_boulevard, minmay_temple_entry_drinking_statues,
          serial_undead, serial_undead_a, serial_undead_c, serial_undead_c,
          serial_undead_a, serial_undead_c, serial_undead_c, serial_undead_d,
          serial_undead_d
D:5:      layout_loops_ring, nrook_mini_backslash
D:6:      layout_rooms, minmay_misc_feat_doors, kennysheep_generic_room_11
D:7:      layout_layer_cave, old_standard_altar,
          nemelex_xobeh_ov_fountains_minmay, dreamdust_wishing_well,
          uniq_menkaure, uniq_duvessa
D:8:      layout_layer_cave, david_lair_shrubbed, uniq_joseph
D:9:      layout_layer_cave, gammafunk_temple_overflow_claw,
          minmay_variable_closet, fountainhead
Lair:1:   layout_long_grid, st_stairs_11, chequers_serial_rivers_large_b,
          grunt_megastairs_1, uniq_urug, uniq_amaemon
Lair:2:   layout_regular_city, swamp_mist, guppyfry_snake_entry_garden,
          hellmonk_ghost_happy_afterlife
Lair:3:   layout_gridlike
Lair:4:   layout_loops_ring, slime_entry_2, grunt_megastairs_5
Lair:5:   evilmike_catoblepas_cave, layout_gridlike, infiniplex_staircase_pool

Skill      XL: |  1  2  3  4  5  6  7  8  9 10 11 12 |
---------------+-------------------------------------+-----
Axes           | 3 4 5 6 7 8 9 |  9.0
Dodging        | 2 3 4 |  4.0
Evocations     | 1 2 3 5 6 7 8 |  8.4
Armour         | 3 4 5 6 8 9 10 | 10.3
Fighting       | 4 5 6 7 8 9 10 | 10.7
Throwing       | 1 2 3 4 6 7 8 |  8.3
Stealth        | 3 |  3.0

Action                   |  1- 3 |  4- 6 |  7- 9 | 10-12 || total
-------------------------+-------+-------+-------+-------++-------
Melee: Hand axe          |   114 |   129 |   375 |   285 ||   903
       Punch             |     1 |       |     3 |     6 ||    10
       Headbutt          |       |    13 |    71 |   156 ||   240
       Demon whip        |       |       |       |   321 ||   321
       Flail             |       |       |       |     5 ||     5
Throw: Javelin           |       |    13 |     8 |     1 ||    22
       Stone             |       |       |     9 |     5 ||    14
       Dart              |       |       |     2 |   104 ||   106
       Boomerang         |       |       |       |    11 ||    11
Invok: Berserk           |     2 |     3 |     6 |    26 ||    37
       Trog's Hand       |       |     1 |     5 |    26 ||    32
Evoke: Wand              |       |       |       |     3 ||     3
  Use: Potion            |       |     5 |     5 |     4 ||    14
       Scroll            |       |     5 |     3 |     5 ||    13
Armor: Animal skin       |    21 |       |       |       ||    21
       Scale mail        |    22 |    22 |       |       ||    44
       Chain mail        |       |    94 |   236 |       ||   330
       Plate armour      |       |       |    27 |   553 ||   580
Dodge: Dodged            |    65 |    95 |   179 |   302 ||   641
